 Dungeon Crawl Stone Soup version 0.29.1-2-gbd0b4ee654 (webtiles) character file.

Game seed: 418461548650805471

93 kingsuperguy the Cudgeller (level 4, -4/40 HPs)
             Began as a Minotaur Berserker on Nov 18, 2022.
             Was a Believer of Trog.
             Slain by Sigmund
             ... wielding a +0 scythe
              (7 damage)
             ... on level 3 of the Dungeon.
             The game lasted 00:02:22 (1794 turns).

kingsuperguy the Cudgeller (Minotaur Berserker)     Turns: 1794, Time: 00:02:22

Health: -4/40      AC:  6    Str: 23    XL:     4   Next: 36%
Magic:  3/3        EV: 11    Int:  4    God:    Trog [**....]
Gold:   129        SH:  5    Dex: 10    Spells: 3/3 levels left

rFire   . . .      SeeInvis .   a - +0 mace
rCold   . . .      Faith    .   (no shield)
rNeg    . . .      Spirit   .   m - +0 ring mail
rPois   .          Reflect  +   (helmet restricted)
rElec   .          Harm     .   (no cloak)
rCorr   .          Rampage  .   (no gloves)
Will    .....                   l - +0 pair of boots
Stlth   ..........              f - amulet of reflection
HPRegen 0.13/turn               (no ring)
MPRegen 0.08/turn               (no ring)

@: on berserk cooldown, slowed, very slow
A: horns 2, retaliatory headbutt
a: Renounce Religion, Berserk, Trog's Hand


You were on level 3 of the Dungeon.
You worshipped Trog.
Trog was pleased with you.
You visited 1 branch of the dungeon, and saw 3 of its levels.

You collected 129 gold pieces.

Inventory:

Hand Weapons
 a - a +0 mace (weapon)
Missiles
 r - 3 javelins (quivered)
Armour
 b - a +0 animal skin
 l - a +0 pair of boots (worn)
 m - a +0 ring mail (worn)
Jewellery
 f - an amulet of reflection (around neck)
Wands
 s - a wand of acid (12)
Scrolls
 d - a scroll of enchant armour {unknown}
 e - a scroll of enchant weapon {unknown}
 i - 2 scrolls of teleportation {unknown}
 j - 2 scrolls of identify {unknown}
 k - a scroll of poison {unknown}
 n - 3 scrolls of amnesia {unknown}
 o - 3 scrolls of immolation {unknown}
 t - 2 scrolls of blinking {unknown}
 u - a scroll of fear {unknown}
Potions
 c - 2 potions of heal wounds {unknown}
 g - 4 potions of curing {unknown}
 h - a potion of degeneration {unknown}
 p - a potion of brilliance {unknown}
 q - a potion of mutation {unknown}


   Skills:
 + Level 4.1 Fighting
 + Level 5.1 Maces & Flails
 + Level 3.4 Armour
 + Level 2.4 Dodging
 + Level 0.9 Shields


You had 3 spell levels left.
You didn't know any spells.
Your spell library was empty.

Dungeon Overview and Level Annotations

Branches:
Dungeon (3/15)

Altars:

Annotations:
D:3 Sigmund


Innate Abilities, Weirdness & Mutations

You have a pair of horns on your head.
You reflexively headbutt those who attack you in melee.


Message History

Sigmund gestures at you while chanting. The puff of flame hits you!
You block the hobgoblin's attack.
You closely miss Sigmund. Your headbutt misses Sigmund.
Sigmund is heavily wounded.
Sigmund hits you with a +0 scythe.
The hobgoblin hits you but does no damage.
You closely miss Sigmund. Your headbutt misses Sigmund.
Sigmund is heavily wounded.
You sock Sigmund!
Sigmund is almost dead.
The hobgoblin closely misses you. You furiously retaliate!
You headbutt the hobgoblin.
You kill the hobgoblin!
Trog accepts your kill.
Sigmund gestures wildly while chanting.
Sigmund flickers and vanishes!
Deactivating autopickup; reactivate with Ctrl-A.
A goblin comes into view. It is wielding a +0 dagger.
You miss something. The kobold hits you with a +0 dagger. Something hits you.
Things that are here:
a +0 whip; 4 stones; a rat corpse You feel a strong urge to attack something.
You are no longer berserk.
You are exhausted.
You feel yourself slow down.
You hear a zap.
You hear a grinding noise.
The kobold barely misses you.
A magic dart appears from out of thin air!
The magic dart hits you.
* * * LOW HITPOINT WARNING * * *
The kobold attacks as you move away! The kobold closely misses you.
You furiously retaliate!
You headbutt the kobold, but do no damage.
Something hits you.
* * * LOW HITPOINT WARNING * * *
You block the kobold's attack. The kobold hits you with a +0 dagger.
* * * LOW HITPOINT WARNING * * *
Something hits you!
You die...

. #. .# .#. #. .# ..# .. #.#
...#. #.# .#.#. ..###
...)...##.#.# .#.##.#.##..# #
........@.## #.#
##.###g#K..### ####.#####
......{..)..###........†
###.#.##.##.....##.#..##
#.##.###.........###.##.#..##
..........)...##.# #.##...†..
.....####........# #.####..##
### ##.####### #......... ##.
##########


You could see a goblin and a kobold.

Vanquished Creatures
  4 adders (D:2)
  A worm (D:2)
  2 dart slugs (D:2)
  8 endoplasms
  3 giant cockroaches (D:1)
  A hobgoblin (D:3)
  2 quokkas (D:2)
  6 ball pythons
  4 bats
  4 frilled lizards
  8 goblins
  4 kobolds
  4 rats
  A spectral goblin (D:1)
52 creatures vanquished.

Notes
Turn   | Place    | Note
-------+----------+-------------------------------------------
     0 | D:1      | kingsuperguy the Minotaur Berserker began the quest for the
                  | Orb.
     0 | D:1      | Reached XP level 1. HP: 19/19 MP: 0/0
   211 | D:1      | Reached XP level 2. HP: 20/27 MP: 1/1
   426 | D:1      | Found a faded altar of an unknown god.
   622 | D:1      | Reached skill level 4 in Maces & Flails
   801 | D:2      | Reached XP level 3. HP: 33/33 MP: 2/2
   896 | D:2      | Reached ** piety under Trog
  1239 | D:2      | Reached XP level 4. HP: 30/40 MP: 3/3
  1484 | D:2      | Reached skill level 5 in Maces & Flails
  1762 | D:3      | Noticed Sigmund
  1794 | D:3      | Slain by Sigmund

Illustrated notes

Levels and vault maps discovered:
D:1:      minmay_arrival_hallway, layout_rooms,
          dreamdust_ecumenical_altar_drowned_temple,
          chequers_serial_rivers_large_a, minmay_tree_intersection
D:2:      minmay_inner_zag, layout_rooms, hangedman_decor_peaks_small,
          chequers_serial_rivers_small_a, minmay_heptomino_w4
D:3:      layout_loops_cross, bloody_trog, minmay_diced_spiral, uniq_sigmund

Skill      XL: |  1  2  3  4 |
---------------+-------------+-----
Fighting       | 4 |  4.1
Maces & Flails | 4 5 |  5.1
Armour         | 3 |  3.4
Dodging        | |  2.4
Shields        | |  0.9

Action                   |  1- 3 |  4- 6 || total
-------------------------+-------+-------++-------
Melee: Mace              |    70 |    26 ||    96
       Headbutt          |     6 |     2 ||     8
Invok: Berserk           |       |     1 ||     1
Armor: Animal skin       |     5 |       ||     5
       Ring mail         |    11 |    10 ||    21
Dodge: Dodged            |    44 |    19 ||    63
Block: Other             |     9 |     6 ||    15
       Reflection        |     1 |     1 ||     2
